 Dungeon Crawl Stone Soup version 0.21-a0-125-gb006224 (webtiles) character file.

17719 4thArraOfDagon the Earth Mage (level 11, -1/74 HPs)
             Began as a Demigod Earth Elementalist on July 14, 2017.
             Slain by a freezing wraith (3 damage)
             ... led by a death knight
             ... on level 13 of the Dungeon.
             The game lasted 00:42:29 (8079 turns).

4thArraOfDagon the Earth Mage (DgEE)                Turns: 8079, Time: 00:42:30

Health: -1/74      AC: 11    Str: 11    XL:     11   Next: 94%
Magic:  1/27       EV:  8    Int: 25    God:
Gold:   661        SH:  0    Dex: 16    Spells: 16/26 levels left

rFire    x . .     SeeInvis .   R - +3 scimitar (flame)
rCold    + + .     Gourm    .   (no shield)
rNeg     . . .     Faith    .   n - +0 ice dragon scales
rPois    .         Spirit   .   u - +1 helmet
rElec    .         Reflect  .   (no cloak)
rCorr    .         Harm     .   (no gloves)
MR       ++...                  (no boots)
Stlth    ..........             M - amulet of rage
HPRegen  0.22/turn              (no ring)
MPRegen  0.20/turn              U - ring of protection from magic

@: about to teleport, hasted, very quick
A: blurry vision 1, high mp 1, wild magic 1
a: Evoke Berserk Rage


You were on level 13 of the Dungeon.
You were not hungry.

You visited 1 branch of the dungeon, and saw 14 of its levels.

You collected 661 gold pieces.

Inventory:

Hand Weapons
 a - a +0 blowgun
 R - a +3 scimitar of flaming (weapon)
Missiles
 b - 95 stones (quivered)
 c - 7 curare-tipped needles
Armour
 n - +0 ice dragon scales (worn)
 u - a +1 helmet (worn)
 J - a +1 leather armour of fire resistance
Jewellery
 o - a +4 ring of dexterity
 w - an uncursed ring of see invisible
 x - the ring of Xihedih {rC+ Str+6 Int-4}
   (You found it on level 13 of the Dungeon)

   [ring of protection from cold]

   It affects your strength (+6).
   It affects your intelligence (-4).
   It protects you from cold.
 M - an amulet of rage (around neck)
 Q - an uncursed ring of fire
 U - a ring of protection from magic (right hand)
Wands
 C - a wand of digging (9/24)
 I - a wand of clouds (2/9)
 O - a wand of flame (23/48)
 P - a wand of flame (14/48)
 T - a wand of flame (35/48)
 V - a wand of paralysis (8/24)
 W - a wand of lightning (7/15)
 Y - a wand of lightning (4/15)
Scrolls
 h - 2 scrolls of enchant armour {unknown}
 k - a scroll of teleportation
 r - 5 scrolls of remove curse
 s - a scroll of immolation {unknown}
 v - a scroll of blinking {unknown}
 y - a scroll of fog
 z - 2 scrolls of random uselessness {unknown}
 A - 7 scrolls of recharging {unknown}
 G - a scroll of fear {unknown}
 H - a scroll of amnesia
 L - a scroll of enchant weapon {unknown}
 S - 2 scrolls of vulnerability
 X - a scroll of magic mapping
Potions
 g - a potion of magic {unknown}
 i - 4 potions of might
 j - 2 potions of brilliance
 m - a potion of flight {unknown}
 p - a potion of mutation
 q - a potion of haste
 t - a potion of berserk rage
 B - a potion of cancellation {unknown}
 F - a potion of resistance {unknown}
 K - a potion of lignification
 N - a potion of ambrosia
 Z - a potion of degeneration
Books
 e - a book of Geomancy

   Spells                             Type                      Level
   a - Sandblast                      Earth                        1
   b - Passwall                       Transmutation/Earth          2
   c - Stone Arrow                    Conjuration/Earth            3
   d - Petrify                        Transmutation/Earth          4
   e - Lee's Rapid Deconstruction     Earth                        5
Comestibles
 d - 5 bread rations
 f - 6 meat rations
 D - 5 chunks of flesh


   Skills:
 - Level 1.7 Dodging
 - Level 1.7 Stealth
 - Level 8.3 Spellcasting
 - Level 0.8 Transmutations
 * Level 15.7 Earth Magic


You had 16 spell levels left.
You knew the following spells:

 Your Spells              Type           Power        Failure   Level  Hunger
a - Sandblast             Erth           ######       1%          1    None
b - Lee's Rapid Deconstr  Erth           #######...   4%          5    ####...
c - Petrify               Tmut/Erth      ######..     26%         4    ##.....


Dungeon Overview and Level Annotations

Branches:
Dungeon (14/15)            Temple (0/1) D:6            Lair (0/6) D:8
    Orc: D:9-12      Vaults: D:13-14

Portals:
Trove: D:11 (give +3 shadow dragon scales)

Annotations:
D:3 Pikel
D:12 1 runed door, Frances
D:14 4thArraOfDagon's ghost, journeyman DgEE


Innate Abilities, Weirdness & Mutations

You have an increased reservoir of magic. (+10% MP)
Scrolls take you a little longer to read.
Your spells are a little harder to cast, but a little more powerful.


Message History

You hit the freezing wraith but do no damage.
The freezing wraith is heavily damaged.
The freezing wraith hits you!
* * * LOW HITPOINT WARNING * * *
Unknown command.
Unknown command.
Casting: Sandblast
Confirm with . or Enter, or press ? or * to list all spells.
Aiming: Sandblast
Press: ? - help, Shift-Dir - straight line, f - death knight, p - freezing wraith
Aim: a death knight, wielding an enchanted morningstar and wearing a chain mail (severely wounded)
The blast of sand hits the death knight.
The death knight is severely wounded.
b - 95 stones You feel yourself speed up.
The death knight offers itself to Yredelemnul, and fills with unholy energy.
The freezing wraith hits you.
* * * LOW HITPOINT WARNING * * *
The freezing wraith freezes you. You resist.
You die...

#.###._.###...# # #.#..
#:.###.#+#..#.# #.#..
#...#####..##.# ##....
#.#..###..# #.# #.....
#.##..#..# #.#######. #.##.#
#...#....# #......... ... #.
##.###.#.####.###.####### #. #.#
...#...##p# #.# #. #.#
#.#####.##@# #.# #.
##.##.(.#...##W###.## ### #.
##.###.#.####W##...##...####.#
#...#......##ยงยง..............#
#....#...#.####..W<.##########
#.#.###.##.# #.....#
#..#.##.##.## #.....#
####.###.#.....###.....# ....##
##...<...##.#####


You could see a death knight, a freezing wraith and a wraith.

Vanquished Creatures
  Erica (D:9)
  A centaur warrior (D:13)
  3 two-headed ogres
  Sonja (D:13)
  An orc knight (D:13)
  A wolf spider zombie (D:13)
  A cyclops (D:12)
  3 ugly things
  A manticore (D:11)
  Joseph (D:8)
  An efreet (D:13)
  3 trolls
  Sigmund (D:4)
  2 hippogriffs
  2 shadows
  10 yaks
  2 wraiths
  A basilisk (D:12)
  3 hungry ghosts
  5 vampire mosquitoes
  Edmund (D:5)
  A soldier ant (D:14)
  2 hell hounds (D:8)
  4 sky beasts
  4 orc warriors
  3 ice beasts
  4 slaves
  A black bear (D:11)
  2 necrophages
  5 ogres
  3 phantoms
  9 centaurs
  2 big kobolds
  A gnoll sergeant (D:6)
  6 bullfrogs
  A wyvern skeleton (D:12)
  2 scorpions
  16 killer bees
  4 wights (D:9)
  The ghost of 4thArraOfDagon the Digger, a weakling DgEE (D:4)
  An electric eel (D:14)
  4 howler monkeys (D:8)
  7 crimson imps
  2 hounds
  A bullfrog skeleton (D:10)
  8 jellies
  2 orc priests
  A centaur skeleton (D:8)
  Ijyb (D:6)
  6 orc wizards
  9 worker ants
  A killer bee zombie (D:8)
  Robin (D:4)
  2 worker ant zombies
  8 gnolls
  2 howler monkey skeletons
  10 adders
  2 shadow imps
  3 worms
  2 dart slugs (D:1)
  3 leopard geckos
  33 orcs
  5 giant cockroaches
  12 goblins
  8 hobgoblins
  10 jackals
  2 quokkas
  6 bats
  6 frilled lizards
  A goblin skeleton (D:7)
  A hobgoblin zombie (D:7)
  A jackal zombie (D:5)
  18 kobolds
  A kobold skeleton (D:7)
  2 kobold zombies (D:7)
  A leopard gecko skeleton (D:5)
  3 orc skeletons (D:7)
  An orc zombie (D:7)
  2 quokka zombies
  7 rats
312 creatures vanquished.

Notes
Turn   | Place    | Note
-------+----------+-------------------------------------------
     0 | D:1      | 4thArraOfDagon the Demigod Earth Elementalist began the quest for the Orb.
     0 | D:1      | Reached XP level 1. HP: 14/14 MP: 5/5
   220 | D:3      | Noticed Ijyb
   243 | D:2      | Reached skill level 3 in Earth Magic
   354 | D:2      | Reached XP level 2. HP: 20/20 MP: 5/7
   549 | D:3      | Found an ornate altar of the Wu Jian Council.
   898 | D:1      | Reached XP level 3. HP: 24/26 MP: 8/8
  1392 | D:2      | Reached skill level 4 in Earth Magic
  1404 | D:2      | Reached XP level 4. HP: 23/33 MP: 1/10
  1475 | D:2      | Found a stormy altar of Qazlal.
  1587 | D:3      | Found an iron altar of Okawaru.
  1681 | D:3      | Found a white marble altar of Elyvilon.
  1975 | D:4      | Noticed Pikel
  1975 | D:4      | Noticed a slave
  1975 | D:4      | Noticed a slave
  1975 | D:4      | Noticed a slave
  1975 | D:4      | Noticed a slave
  2139 | D:4      | Noticed Robin
  2142 | D:5      | Entered Level 5 of the Dungeon
  2164 | D:5      | Reached XP level 5. HP: 38/38 MP: 8/12
  2205 | D:5      | Reached skill level 5 in Earth Magic
  2243 | D:5      | Learned a level 5 spell: Lee's Rapid Deconstruction
  2246 | D:5      | Noticed Edmund
  2264 | D:5      | Killed Edmund
  2264 | D:5      | Reached XP level 6. HP: 26/45 MP: 1/14
  2457 | D:5      | Reached skill level 6 in Earth Magic
  2472 | D:5      | Found an opulent altar of Gozag.
  2502 | D:4      | Found a hazy altar of Hepliaklqana.
  2620 | D:4      | Noticed Sigmund
  2636 | D:4      | Killed Sigmund
  2636 | D:4      | Reached XP level 7. HP: 39/50 MP: 7/16
  2643 | D:4      | Found a sparkling altar of Nemelex Xobeh.
  2698 | D:4      | Found a burning altar of Makhleb.
  2700 | D:4      | Found a stormy altar of Qazlal.
  2700 | D:4      | Found a shattered altar of Ashenzari.
  2722 | D:4      | Found a glowing silver altar of Zin.
  2722 | D:4      | Found a white marble altar of Elyvilon.
  2722 | D:4      | Found a shimmering altar of Xom.
  2809 | D:4      | Found a hide-covered altar of Uskayaw.
  2851 | D:4      | Noticed 4thArraOfDagon's ghost (weakling DgEE)
  2905 | D:5      | Reached skill level 7 in Earth Magic
  3218 | D:4      | Killed Robin
  3304 | D:4      | Killed 4thArraOfDagon's ghost
  3345 | D:6      | Killed Ijyb
  3469 | D:6      | Found a staircase to the Ecumenical Temple.
  3515 | D:6      | Reached skill level 8 in Earth Magic
  3515 | D:6      | Reached XP level 8. HP: 57/57 MP: 16/19
  3533 | D:6      | Reached skill level 5 in Spellcasting
  3731 | D:7      | Found a glowing golden altar of the Shining One.
  3756 | D:7      | Gained mutation: Your muscles are strong. (Str +2) [mutagenic meat]
  3757 | D:7      | Gained mutation: You are resistant to hostile enchantments. (MR+) [mutagenic meat]
  3758 | D:7      | Gained mutation: Your flesh is heat resistant. (rF+) [mutagenic meat]
  3889 | D:6      | Found a deep blue altar of Sif Muna.
  3936 | D:6      | Reached skill level 9 in Earth Magic
  3977 | D:7      | Found a radiant altar of Vehumet.
  4187 | D:8      | Found a sacrificial altar of Ru.
  4255 | D:8      | Noticed Joseph
  4325 | D:9      | Noticed Erica
  4335 | D:9      | Killed Erica
  4335 | D:9      | Reached skill level 10 in Earth Magic
  4335 | D:9      | Reached XP level 9. HP: 62/62 MP: 16/22
  4482 | D:9      | Gained mutation: You are dopey. (Int -2) [mutagenic meat]
  4483 | D:9      | Gained mutation: You expend magic power (3 MP) to strengthen your wands. [mutagenic meat]
  4484 | D:9      | Lost mutation: Your muscles are strong. (Str +2) [mutagenic meat]
  4704 | D:8      | Found a snail-covered altar of Cheibriados.
  4753 | D:8      | Reached skill level 11 in Earth Magic
  4761 | D:8      | Killed Joseph
  4790 | D:8      | Found a staircase to the Lair.
  4790 | D:8      | murphy: oh hi
  4813 | D:8      | murphy: is this what i hope it is?
  4957 | D:9      | Found an ancient bone altar of Kikubaaqudgha.
  5017 | D:10     | Entered Level 10 of the Dungeon
  5020 | D:10     | Reached XP level 10. HP: 69/69 MP: 20/25
  5028 | D:10     | 4thArraOfDagon: it might be it :0
  5159 | D:10     | murphy: is this an attempt on speedrunning a mage?
  5241 | D:11     | 4thArraOfDagon: might b
  5241 | D:11     | 4thArraOfDagon: actually
  5241 | D:11     | 4thArraOfDagon: Ill try to follow the flow of dungeon
  5244 | D:11     | murphy: i feel cool u choosed EE for this
  5248 | D:11     | 4thArraOfDagon: whatever it throws at me
  5316 | D:11     | 4thArraOfDagon: im not feeling confident at all
  5351 | D:11     | Found a portal to a secret trove of treasure.
  5471 | D:11     | Noticed a two-headed ogre
  5479 | D:11     | Killed a two-headed ogre
  5479 | D:11     | Reached skill level 12 in Earth Magic
  5605 | D:11     | Noticed a manticore
  5614 | D:11     | Killed a manticore
  5850 | D:10     | Gained mutation: You are frail. (-10% HP) [mutagenic meat]
  5857 | D:10     | Lost mutation: You expend magic power (3 MP) to strengthen your wands. [potion of mutation]
  5857 | D:10     | Lost mutation: You are dopey. (Int -2) [potion of mutation]
  5857 | D:10     | Lost mutation: Your flesh is heat resistant. (rF+) [potion of mutation]
  5857 | D:10     | Lost mutation: You are resistant to hostile enchantments. (MR+) [potion of mutation]
  5857 | D:10     | Lost mutation: You are frail. (-10% HP) [potion of mutation]
  5857 | D:10     | Gained mutation: Scrolls take you a little longer to read. [potion of mutation]
  5857 | D:10     | Gained mutation: Your spells are a little harder to cast, but a little more powerful. [potion of mutation]
  5941 | D:10     | Reached skill level 13 in Earth Magic
  5981 | D:10     | murphy: !hs * DgEE
  5987 | D:9      | beem: 4736. tlatlagkaus the Middleweight Champion (L27 DgEE), escaped with the Orb and 15 runes on 2017-05-29 00:18:35, with 19666912 points after 77882 turns and 6:18:22.
  6322 | D:13     | Reached XP level 11. HP: 61/74 MP: 20/27
  6361 | D:13     | Learned a level 4 spell: Petrify
  6374 | D:13     | HP: 3/74 [acid (6)]
  6407 | D:12     | Noticed a catoblepas
  6653 | D:12     | Noticed a two-headed ogre
  6661 | D:12     | Killed a two-headed ogre
  6781 | D:12     | Reached skill level 14 in Earth Magic
  7029 | D:13     | Noticed an orc knight
  7031 | D:13     | Noticed Sonja
  7031 | D:13     | Killed Sonja
  7040 | D:13     | Killed an orc knight
  7382 | D:14     | Noticed a two-headed ogre
  7387 | D:14     | Killed a two-headed ogre
  7415 | D:14     | Noticed 4thArraOfDagon's ghost (journeyman DgEE)
  7440 | D:14     | Noticed a centaur warrior
  7446 | D:13     | Killed a centaur warrior
  7446 | D:13     | Reached skill level 15 in Earth Magic
  7538 | D:13     | Found a sparkling altar of Nemelex Xobeh.
  7550 | D:13     | Got a steaming glass ring
  7552 | D:13     | Identified the ring of Xihedih {rC+ Str+6 Int-4} (You found it on level 13 of the Dungeon)
  7721 | D:12     | NO
  7750 | D:13     | Noticed a death knight
  7789 | D:12     | Noticed Frances
  7891 | D:12     | Found a glowing golden altar of the Shining One.
  7891 | D:12     | Found a runed door.
  7891 | D:12     | Noticed an angel
  8079 | D:13     | 4thArraOfDagon: no items :/
  8079 | D:13     | HP: 2/74 [freezing wraith[a death knight] (6)]
  8079 | D:13     | Slain by a freezing wraith

Vault maps used:
D:1:      minmay_arrival_shattered_statue, minmay_misc_feat_encased
D:2:      old_standard_altar, kennysheep_decorative_pillar
D:3:      elyvilon_altar_4, okawaru_metal_pillars_1_2, lemuel_crystal_altar,
          uniq_ijyb
D:4:      nemelex_xobeh_ov_fountains_minmay, nicolae_overflow_crystal_walls,
          kennysheep_mini, first_bread, doesnt_xom_only_xom, uniq_pikel,
          uniq_sigmund, uniq_robin, uniq_duvessa
D:5:      grunt_gozag_statues, uniq_edmund
D:6:      marbit_many_paths, minmay_temple_entry_hall
D:7:      nicolae_tso_besieged_by_evil, tgw_trog, vehumet_altar_wand_db,
          basic_altar
D:8:      lemuel_round_altar, kennysheep_little_box, minmay_lair_entry_lava,
          uniq_joseph
D:9:      kiku_gazebo_garden_becter, serial_shops, kennysheep_mini_moat,
          uniq_erica
D:10:     david_nohive_1
D:11:     trove_entry_hex_spiral
D:12:     david_orc_2, lemuel_angel_altar, uniq_frances
D:13:     grunt_vaults_entry_tiered, kennysheep_cluttered_room,
          nemelex_diamond_rough_becter, uniq_sonja
D:14:     kennysheep_six_static_rooms, fountainhead

Skill      XL: |  1  2  3  4  5  6  7  8  9 10 11 |
---------------+----------------------------------+-----
Spellcasting   | 2 3 4 6 7 8 |  8.3
Earth Magic    | 3 4 5 6 8 10 11 13 15 | 15.7
Dodging        | |  1.7
Stealth        | |  1.7
Transmutations | |  0.8

Action                   |  1- 3 |  4- 6 |  7- 9 | 10-12 || total
-------------------------+-------+-------+-------+-------++-------
Melee: Club              |    11 |       |       |       ||    11
       Mace              |    80 |       |       |       ||    80
       Whip              |    11 |    88 |   130 |       ||   229
       Scimitar          |       |       |    31 |   114 ||   145
 Cast: Sandblast         |    35 |    44 |   126 |   174 ||   379
       Lee's Rapid Decon |       |       |     4 |    25 ||    29
Evoke: Wand              |       |       |       |     3 ||     3
  Use: Scroll            |       |    10 |     2 |    14 ||    26
       Potion            |       |     1 |     1 |     9 ||    11
 Stab: Sleeping          |     1 |       |       |       ||     1
  Eat: Chunk             |     1 |     4 |    12 |     1 ||    18
       Fruit             |       |     3 |     1 |       ||     4
       Royal jelly       |       |       |     3 |       ||     3
       Meat ration       |       |       |       |     3 ||     3
Armor: Ring mail         |    11 |       |       |       ||    11
       Ice dragon scales |    68 |    57 |    75 |   135 ||   335
       Chain mail        |       |     3 |       |       ||     3
       Leather armour    |       |       |    28 |       ||    28
Dodge: Dodged            |    85 |    37 |   119 |   106 ||   347
       Rpst.: Scimitar   |       |       |     9 |    32 ||    41
